 Dungeon Crawl Stone Soup version 0.28-a0-872-g80cf8599ee (webtiles) character file.

Game seed: 4564555052714017601

30 frimble the Skirmisher (level 3, -3/31 HPs)
             Began as a Minotaur Warper on Nov 20, 2021.
             Slain by a gnoll (7 damage)
             ... on level 2 of the Dungeon.
             The game lasted 00:01:32 (939 turns).

frimble the Skirmisher (Minotaur Warper)             Turns: 939, Time: 00:01:32

Health: -3/31      AC:  3    Str: 15    XL:     3   Next: 3%
Magic:  4/4        EV: 11    Int: 17    God:
Gold:   74         SH:  0    Dex:  9    Spells: 4/4 levels left

rFire   . . .      SeeInvis .   a - +0 hand axe
rCold   . . .      Faith    .   (no shield)
rNeg    . . .      Spirit   .   b - +0 leather armour
rPois   .          Reflect  .   (helmet restricted)
rElec   .          Harm     .   (no cloak)
rCorr   .          Rampage  .   (no gloves)
Will    .....                   (no boots)
Stlth   +.........              (no amulet)
HPRegen 0.10/turn               f - +6 ring of intelligence
MPRegen 0.09/turn               (no ring)

@: no status effects
A: horns 2, retaliatory headbutt
a: no special abilities


You were on level 2 of the Dungeon.
You visited 1 branch of the dungeon, and saw 2 of its levels.

You collected 74 gold pieces.

Inventory:

Hand Weapons
 a - a +0 hand axe (weapon)
Armour
 b - a +0 leather armour (worn)
Jewellery
 f - a +6 ring of intelligence (left hand)
Scrolls
 c - a scroll of blinking
 g - a scroll of identify {unknown}


   Skills:
 + Level 3.5 Fighting
 + Level 3.4 Axes
 - Level 1.0 Throwing
 - Level 1.2 Armour
 - Level 2.1 Dodging
 - Level 1.3 Spellcasting
 - Level 2.1 Translocations


You had 4 spell levels left.
You didn't know any spells.
Your spell library contained the following spells:

 Spells                   Type           Power      Damage    Failure   Level
 Blink                    Tloc           16%        N/A       16%         2
 Freeze                   Ice            4%         1d3       26%         1
 Gell's Gravitas          Tloc           8%         N/A       30%         3
 Lesser Beckoning         Tloc           8%         N/A       30%         3
 Teleport Other           Tloc           8%         N/A       30%         3
 Frozen Ramparts          Ice            2%         1d2       58%         3
 Hailstorm                Conj/Ice       1%         3d3       94%         4
 Manifold Assault         Tloc           8%         N/A       96%         5


Dungeon Overview and Level Annotations

Branches:
Dungeon (2/15)

Altars:

Shops:
D:1 (


Innate Abilities, Weirdness & Mutations

You have a pair of horns on your head.
You reflexively headbutt those who attack you in melee.


Message History

You climb downwards.
The ball python barely misses you. You furiously retaliate!
You headbutt the ball python.
You kill the ball python!
There is a stone staircase leading up, spattered with blood here.
You see here a scroll labelled TOUTOR ANIPT.
Your hearing returns.
Throw: 5 boomerangs (disperse)
Press: ? - help, Q - select action Shift-Dir - straight line, f - gnoll
Aim: a gnoll, wielding a +0 whip (heavily wounded, 58% to hit)
You throw a boomerang of dispersal.
The boomerang of dispersal barely misses the gnoll.
The gnoll misses you. You furiously retaliate!
You headbutt the gnoll.
Throw: 4 boomerangs (disperse)
Press: ? - help, Q - select action Shift-Dir - straight line, f/p - gnoll
Aim: a gnoll, wielding a +0 whip (almost dead, 58% to hit)
You throw a boomerang of dispersal.
The boomerang of dispersal hits the gnoll.
The gnoll blinks!
The gnoll is almost dead.
You feel clever.
f - a +6 ring of intelligence (left hand) Throw: 3 boomerangs (disperse)
Press: ? - help, Q - select action Shift-Dir - straight line, f/p - gnoll
Aim: a gnoll, wielding a +0 whip (almost dead, 58% to hit)
You throw a boomerang of dispersal.
The boomerang of dispersal completely misses the gnoll.
Throw: 2 boomerangs (disperse)
Press: ? - help, Q - select action Shift-Dir - straight line, f/p - gnoll
Aim: a gnoll, wielding a +0 whip (almost dead, 58% to hit)
You throw a boomerang of dispersal.
The boomerang of dispersal barely misses the gnoll.
Throw: boomerang (disperse)
Press: ? - help, Q - select action Shift-Dir - straight line, f/p - gnoll
Aim: a gnoll, wielding a +0 whip (almost dead, 58% to hit)
You throw a boomerang of dispersal.
The boomerang of dispersal closely misses the gnoll.
You closely miss the gnoll. Your headbutt misses the gnoll.
The gnoll is almost dead.
The gnoll hits you with a +0 whip!
You die...

#.#..# ##.#..#
.....# ###....#
#......#
#......####
#...†......
##.#..<...########
........?......g@.#
###.##..#.......#.#
#..........##.#.#
####..........#.#
..........###.#
#########.... .#
##.#.#.# .#.#.#


You could see a gnoll.

Vanquished Creatures
  A gnoll (D:1)
  A worm (D:1)
  A ball python (D:2)
  2 endoplasms (D:1)
  2 giant cockroaches (D:1)
  2 goblins (D:1)
  A quokka (D:1)
  A bat (D:1)
  A frilled lizard (D:1)
  2 kobolds (D:1)
  2 rats (D:1)
16 creatures vanquished.

Notes
Turn   | Place    | Note
-------+----------+-------------------------------------------
     0 | D:1      | frimble the Minotaur Warper began the quest for the Orb.
     0 | D:1      | Reached XP level 1. HP: 18/18 MP: 1/1
   241 | D:1      | Reached XP level 2. HP: 25/26 MP: 3/3
   314 | D:1      | Found Emets's Weapon Shoppe.
   896 | D:1      | Reached XP level 3. HP: 20/31 MP: 4/4
   900 | D:1      | HP: 1/31 [gnoll (4)]
   939 | D:2      | Slain by a gnoll

Illustrated notes

Levels and vault maps discovered:
D:1:      dpeg_arrival_brainrot, layout_basic, serial_shops,
          nicolae_shop_bloodbath_and_beyond
D:2:      layout_basic, serial_shops, shop

Skill      XL: |  1 |
---------------+----+-----
Fighting       | 3 |  3.5
Axes           | 3 |  3.4
Throwing       | |  1.0
Armour         | |  1.2
Dodging        | |  2.1
Spellcasting   | |  1.3
Translocations | |  2.1

Action                   || total
-------------------------++-------
Melee: Hand axe          ||    47
       Headbutt          ||     6
Throw: Boomerang         ||     5
  Use: Scroll            ||     2
       Potion            ||     1
Armor: Leather armour    ||     6
Dodge: Dodged            ||    30

Table legend: (Time is in decaauts)
 A = Elapsed time spent in this place.
 B = Non-inter-level travel time spent in this place.
 C = Inter-level travel time spent in this place.
 D = Time resting spent in this place.
 E = Time spent auto-exploring this place.
 F = Levels seen in this place.
 G = Mean time per level.
                   A        B        C        D        E       F      G
               +--------+--------+--------+--------+--------+-----+--------+
         Total |    947 |    915 |     32 |      0 |    765 |   2 |  473.5 |
       Dungeon |    947 |    915 |     32 |      0 |    765 |   2 |  473.5 |
               +--------+--------+--------+--------+--------+-----+--------+

Top non-repeatable levels by time:
     D:1: 922 daAuts
     D:2: 24 daAuts
